Match 44576911
Unlisted

Match 44576911
End
Royal Engineer Section
Construct Section Command Post
Selects Canadian Shock Battlegroup
Dingo Light Scout Car
Infantry Section
Infantry Section
Construct Platoon Command Post
Selects Incendiary Munitions
Construct Field Infirmary
Infantry Training
Grenade Package
Humber Armored Car
Selects Pyrotechnics
Selects Attacking Spirit
Construct Company Command Post
Crusader II Medium Tank
Crusader II Medium Tank
Armored Vehicle Training
Selects Canadian Shock Section
Selects Churchill Crocodile Heavy Tank
Foot Guards Section
Churchill Crocodile Heavy Tank
Crusader II Medium Tank
Crusader II Medium Tank
Selects Point Assault
^3
DIV 250 BigBoss
Kapa Kapoklis
Epouvente
0
0

Comments sign in to comment!

No comments posted yet!